 Dungeon Crawl Stone Soup version 0.21-a0-509-gecc5317 (webtiles) character file.

224 slep the Chopper (level 5, -5/41 HPs)
             Began as a Demonspawn Gladiator on Dec 1, 2017.
             Slain by a phantom (7 damage)
             ... on level 4 of the Dungeon.
             The game lasted 00:09:50 (2516 turns).

slep the Chopper (Demonspawn Gladiator)             Turns: 2516, Time: 00:09:51

Health: -5/41      AC:  9    Str: 15    XL:     5   Next: 67%
Magic:  5/5        EV:  8    Int:  9    God:
Gold:   145        SH:  8    Dex: 18    Spells: 4/4 levels left

rFire    . . .     SeeInvis .   a - +0 war axe
rCold    . . .     Gourm    .   p - +0 shield
rNeg     . . .     Faith    .   o - +0 scale mail
rPois    .         Spirit   .   c - +0 helmet
rElec    .         Reflect  .   (no cloak)
rCorr    .         Harm     .   (no gloves)
MR       .....                  (no boots)
Stlth    ..........             (no amulet)
HPRegen  0.13/turn              g - +3 ring of dexterity
MPRegen  0.09/turn              (no ring)

@: no status effects
A: iridescent scales 1
a: no special abilities


You were on level 4 of the Dungeon.
You were near starving.

You visited 1 branch of the dungeon, and saw 4 of its levels.

You collected 145 gold pieces.

Inventory:

Hand Weapons
 a - a +0 war axe (weapon)
Missiles
 d - 3 throwing nets (quivered)
 t - 8 poisoned javelins
Armour
 b - a +0 leather armour
 c - a +0 helmet (worn)
 o - a +0 scale mail (worn)
 p - a +0 shield (worn)
Jewellery
 g - a +3 ring of dexterity (left hand)
Wands
 r - a wand of acid (10)
Scrolls
 h - 4 scrolls of enchant weapon {unknown}
 i - 2 scrolls of remove curse {unknown}
 k - 3 scrolls of identify {unknown}
 q - a scroll of noise {unknown}
 u - a scroll of random uselessness {unknown}
Potions
 e - a potion of might
 j - 3 potions of curing
 l - 2 potions of mutation {unknown}
 m - a potion of heal wounds {unknown}
Comestibles
 f - 3 bread rations
 n - a royal jelly


   Skills:
 + Level 3.0 Fighting
 + Level 4.3 Axes
 + Level 2.0 Throwing
 + Level 0.6 Armour
 + Level 3.3 Dodging
 + Level 0.6 Stealth
 + Level 1.5 Shields


You had 4 spell levels left.
You didn't know any spells.

Dungeon Overview and Level Annotations

Branches:
Dungeon (4/15)
 Temple: D:4-7

Altars:
Elyvilon


Innate Abilities, Weirdness & Mutations

You are partially covered in iridescent scales. (AC +2)


Message History

You closely miss the phantom.
The phantom is moderately damaged.
You block the phantom's attack. The phantom hits you.
The phantom blinks!
An adder comes into view.
The adder hisses angrily.
You hear an angry hiss.
You block the phantom's attack.
Found a scroll labeled WIARULETSE.
You hit the phantom.
The phantom is moderately damaged.
The phantom hits you!
* * * LOW HITPOINT WARNING * * *
You slash the phantom!
The phantom is heavily damaged.
The phantom hits you!
* * * LOW HITPOINT WARNING * * *
The phantom hits you but does no damage.
You closely miss the phantom.
The phantom is heavily damaged.
The phantom hits you!
You die...

### #.# #.# #.#
#.# #####.######.
#####.W....=.....
?...).S@.........
...........(.##..
#########..###
##.## #..# #..##
#...# #<#.#
#........


You could see a phantom and an adder.

Vanquished Creatures
  A hound skeleton (D:4)
  11 adders
  An ooze (D:2)
  5 worms
  3 dart slugs
  A leopard gecko (D:3)
  3 orcs (D:3)
  8 bats
  4 giant cockroaches
  13 goblins
  11 hobgoblins
  7 jackals
  2 quokkas (D:2)
  A ball python (D:3)
  4 frilled lizards
  3 kobolds
  10 rats
88 creatures vanquished.

Notes
Turn   | Place    | Note
-------+----------+-------------------------------------------
     0 | D:1      | slep the Demonspawn Gladiator began the quest for the Orb.
     0 | D:1      | Reached XP level 1. HP: 16/16 MP: 1/1
   123 | D:1      | Gained mutation: You are partially covered in iridescent scales. (AC +2) [demonic ancestry]
   123 | D:1      | Reached XP level 2. HP: 17/22 MP: 2/2
   198 | D:1      | Reached skill level 3 in Axes
   260 | D:1      | Reached XP level 3. HP: 22/28 MP: 3/3
   727 | D:2      | Reached XP level 4. HP: 19/34 MP: 4/4
  1004 | D:2      | Reached skill level 1 in Shields
  1254 | D:2      | Found a faded altar of an unknown god.
  1272 | D:2      | Reached skill level 4 in Axes
  1440 | D:3      | Reached XP level 5. HP: 23/39 MP: 5/5
  1484 | D:3      | Found a white marble altar of Elyvilon.
  2489 | D:4      | Noticed a phantom
  2515 | D:4      | HP: 2/41 [phantom (7)]
  2516 | D:4      | Slain by a phantom

Vault maps used:
D:1:      dpeg_arrival_round_b, hex_medium
D:2:      chequers_ecumenical_altar_island
D:3:      elyvilon_altar_4, first_bread, grunt_decor_arrowhead
D:4:      minmay_diamond_boxcup, uniq_duvessa, uniq_blork_the_orc

Skill      XL: |  1  2  3  4  5 |
---------------+----------------+-----
Throwing       | 2 |  2.0
Axes           | 3 4 |  4.3
Dodging        | 3 |  3.3
Shields        | 1 |  1.5
Fighting       | 3 |  3.0
Armour         | |  0.6
Stealth        | |  0.6

Action                   |  1- 3 |  4- 6 || total
-------------------------+-------+-------++-------
Melee: War axe           |   118 |   176 ||   294
  Use: Potion            |       |     2 ||     2
 Stab: Sleeping          |     1 |       ||     1
  Eat: Chunk             |       |     4 ||     4
Armor: Leather armour    |    35 |       ||    35
       Scale mail        |    20 |    78 ||    98
Dodge: Dodged            |   100 |    57 ||   157
Block: Shield            |    13 |    83 ||    96

Table legend:
 A = Spawn XP
 B = Non-spawn XP
 C = Spawn XP percentage of total XP
 D = Spawn monster count
 E = Non-spawn monster count
 F = Spawn count percentage of total count
 G = Total turns spent on level
                    A         B        C        D         E        F      G
               +---------+---------+-------+---------+---------+-------+---------
         Total |       0 |     320 |   0.0 |       0 |      88 |   0.0 |  2516
               +---------+---------+-------+---------+---------+-------+---------
           D:1 |       0 |      50 |   0.0 |       0 |      30 |   0.0 |   478
           D:2 |       0 |     143 |   0.0 |       0 |      37 |   0.0 |   939
           D:3 |       0 |     108 |   0.0 |       0 |      20 |   0.0 |  1060
           D:4 |       0 |      19 |   0.0 |       0 |       1 |   0.0 |    39
               +---------+---------+-------+---------+---------+-------+---------
